 Dungeon Crawl Stone Soup version 0.29.0-7-g18a832c13a (webtiles) character file.

Game seed: 14872405618382421688

32 hawthorn the Grave Robber (level 3, 0/19 HPs)
             Began as a Deep Elf Necromancer on Aug 30, 2022.
             Slain by a giant cockroach (2 damage)
             ... on level 2 of the Dungeon.
             The game lasted 00:02:00 (1446 turns).

hawthorn the Grave Robber (Deep Elf Necromancer)    Turns: 1446, Time: 00:02:01

Health: 0/19       AC:  2    Str:  7    XL:     3   Next: 8%
Magic:  10/10      EV:  9    Int: 19    God:
Gold:   69         SH:  0    Dex: 15    Spells: 8/9 levels left

rFire   . . .      SeeInvis .   e - +0 dagger
rCold   . . .      Faith    .   (no shield)
rNeg    . . .      Spirit   .   a - +0 robe
rPois   .          Reflect  .   (no helmet)
rElec   .          Harm     .   (no cloak)
rCorr   .          Rampage  .   (no gloves)
Will    .....                   (no boots)
Stlth   ++........              (no amulet)
HPRegen 0.06/turn               (no ring)
MPRegen 0.12/turn               (no ring)

@: constricted
A: no striking features
a: no special abilities


You were on level 2 of the Dungeon.
You visited 1 branch of the dungeon, and saw 2 of its levels.

You collected 69 gold pieces.

Inventory:

Hand Weapons
 e - a +0 dagger (weapon)
Missiles
 f - 2 stones
Armour
 a - a +0 robe (worn)
Scrolls
 c - a scroll of fear {unknown}
 g - a scroll of poison
 h - a scroll of acquirement {unknown}
 i - a scroll of teleportation {unknown}
Potions
 b - a potion of magic
 d - 2 potions of flight {unknown}


   Skills:
 + Level 2.4 Dodging
 + Level 2.5 Stealth
 + Level 3.5 Spellcasting
 + Level 5.7 Necromancy


You had 8 spell levels left.
You knew the following spells:

 Your Spells              Type           Power      Damage    Failure   Level
a - Necrotise             Necr           100%       1d9       1%          1

Your spell library contained the following spells:

 Spells                   Type           Power      Damage    Failure   Level
 Vampiric Draining        Necr           25%        2d7       4%          3
 Animate Dead             Necr           25%        N/A       14%         4
 Agony                    Necr           25%        N/A       36%         5


Dungeon Overview and Level Annotations

Branches:
Dungeon (2/15)

Altars:


Message History

The ball python misses you. The ball python closely misses you. x2
The ball python barely misses you.
The ball python attacks as you move away!
The ball python barely misses you. x2
The ball python barely misses you. x2; The ball python closely misses you.
The ball python barely misses you. The ball python closely misses you. x2
The ball python closely misses you. The ball python barely misses you.
The ball python misses you. The ball python barely misses you.
The ball python barely misses you. The ball python grabs you.
The ball python constricts you. The ball python bites you.
The ball python constricts you. The giant cockroach closely misses you.
The ball python closely misses you. The ball python constricts you.
The giant cockroach bites you but does no damage.
The ball python bites you. The ball python constricts you.
The giant cockroach closely misses you.
The ball python bites you but does no damage.
The ball python constricts you. The giant cockroach bites you.
The ball python bites you but does no damage.
The ball python constricts you. The giant cockroach bites you.
The ball python bites you. The ball python constricts you.
The giant cockroach bites you. The ball python barely misses you.
The ball python constricts you. The giant cockroach misses you.
The ball python bites you. The ball python constricts you.
The giant cockroach closely misses you. The ball python closely misses you.
The ball python constricts you.
* * * LOW HITPOINT WARNING * * *
The giant cockroach closely misses you. The ball python bites you.
* * * LOW HITPOINT WARNING * * *
The ball python constricts you.
* * * LOW HITPOINT WARNING * * *
The giant cockroach completely misses you.
The ball python completely misses you. The ball python constricts you.
The giant cockroach bites you but does no damage.
The ball python bites you but does no damage.
The ball python constricts you. The giant cockroach bites you.
You die...

... ### ....#
..##....#
######.......#
#............#
#[.@S........
#..B......#+####
##.........#....#
#.....$.....#....#
#................#####
#.......#............#
#########............#
#............#
##............#


You could see a giant cockroach and a ball python.

Vanquished Creatures
  3 dart slugs (D:1)
  2 ball pythons (D:1)
  3 endoplasms (D:1)
  A giant cockroach (D:1)
  4 goblins
  A hobgoblin (D:1)
  A quokka (D:1)
  3 kobolds (D:1)
  3 rats (D:1)
21 creatures vanquished.

Vanquished Creatures (collateral kills)
  An endoplasm (D:1)
  A kobold (D:2)
2 creatures vanquished.

Grand Total: 23 creatures vanquished

Notes
Turn   | Place    | Note
-------+----------+-------------------------------------------
     0 | D:1      | hawthorn the Deep Elf Necromancer began the quest for the
                  | Orb.
     0 | D:1      | Reached XP level 1. HP: 10/10 MP: 6/6
    31 | D:1      | Reached skill level 5 in Necromancy
   212 | D:1      | Reached XP level 2. HP: 15/15 MP: 4/8
   454 | D:1      | Found a faded altar of an unknown god.
  1101 | D:1      | Reached XP level 3. HP: 19/19 MP: 7/10
  1446 | D:2      | Slain by a giant cockroach

Illustrated notes

Levels and vault maps discovered:
D:1:      dpeg_arrival_tiny_b, layout_basic, chequers_ecumenical_altar_island,
          chequers_mini_garden, minmay_misc_feat_square
D:2:      layout_basic, serial_shops, nicolae_shop_hallway_stairs, uniq_jessica

Skill      XL: |  1 |
---------------+----+-----
Necromancy     | 5 |  5.7
Dodging        | |  2.4
Stealth        | |  2.5
Spellcasting   | |  3.5

Action                   || total
-------------------------++-------
Melee: Dagger            ||    11
 Cast: Necrotise         ||    40
  Use: Scroll            ||     2
Armor: Robe              ||     9
Dodge: Dodged            ||    36
